← All builds
Front / Armada / Economy first / OBSERVED BUILD

Standard front

Armada Front build order · Supreme Isthmus

Standard Front economy-first opening with Bot Lab and Vehicle Plant thrown down almost immediately, transitioning into a mixed Blitz/Rocketeer/Pawn/Janus army feeding the middle over the game.

#eco · 1008 distinct matches · 135 players · 75% of Armada Front games · team won 63% of 1155 · Recently observed

HOW TO PLAY IT

Key timing: Vehicle Plant by 0:47

  1. Open 3 mex then Bot Lab and Vehicle Plant almost together.
  2. Layer wind while both labs start producing.
  3. Send early units to coast first to stop leaks, not middle.
  4. Add Construction Turrets as "Blitz", "Rocketeer", "Janus" mix builds up.
  5. Transition into Advanced Metal Extractor once T2 con is out.

Phase by phase

TYPICAL OF ITS 1008 GAMES
  1. 1
  2. 2
  3. 3
PLAY THE OPENING

Follow the example game's first 6:00 step by step: what to build now, what comes next, and where it goes. At 1× it keeps pace with your own game.

  1. 1

    Up to the Bot Lab

    Economy
    • Metal Extractor2Mex
    • Wind Turbine1Wind
    Order
    1. Bot LabBot Lab after 3 mex, 1 winddone ~0:45, middle half 0:35–8:32

    Some games also: Vehicle Plant (41%)

    By 0:28 in all: 2 mex · 1 wind

    The example game in this phase · 2 steps
    1. Mex ×2
    2. Vehicle PlantVehicle Plantdone 0:40 · typical 0:48
  2. 2

    Bot Lab to 5:00

    Economy
    • Metal Extractor4Mex
    • Wind Turbine3Wind
    Army
    • Sentry1 Sentry

    Some games also: rocketeer (46%) · con bot (44%) · Lazarus (44%) · tick (41%) · centurion (37%)

    By 5:00 in all: 6 mex · 7 wind

    The example game in this phase · 27 steps
    1. RoverScout
    2. Mex
    3. Construction VehicleCon vehicle
    4. Wind ×2
    5. Construction VehicleCon vehicle
    6. Mex
    7. Construction VehicleCon vehiclefor Suicide front
    8. StoutStout
    9. SentrySentry
    10. Mex
    11. JanusJanus
    12. RoverScout ×3
    13. SentrySentry
    14. JanusJanus
    15. Construction VehicleCon vehicle
    16. JanusJanus
    17. Mex
    18. Dragon's TeethDragon's Teeth ×3
    19. JanusJanus
    20. Dragon's TeethDragon's Teeth ×4
    21. Mex
    22. WhistlerMissile truck
    23. Dragon's TeethDragon's Teeth ×4
    24. Construction VehicleCon vehicle
    25. JanusJanus ×2
    26. Construction VehicleCon vehicle
    27. WhistlerMissile truck ×4
  3. 3

    5:00 to 10:00

    Economy
    • Metal Extractor1Mex
    • Wind Turbine14Wind
    Builders
    • Construction Turret2 Con turret
    Army
    • Sentry1 Sentry

    Some games also: energy storage (46%) · rocketeer (39%) · blitz (38%) · pawn (36%) · Lazarus (36%)

    By 10:00 in all: 7 mex · 25 wind · 1 energy storage · 3 con turret

    The example game in this phase · 71 steps
    1. WhistlerMissile truck ×4
    2. Mex
    3. WhistlerMissile truck ×7
    4. Advanced Metal ExtractorT2 mexdone 8:32 · typical 8:54
    5. WhistlerMissile truck
    6. Con turret
    7. Solar ×3
    8. WhistlerMissile truck
    9. Solar
    10. WhistlerMissile truck
    11. Con turret
    12. WhistlerMissile truck ×2
    13. Wind
    14. Radar TowerRadar Tower
    15. WhistlerMissile truck
    16. Wind
    17. Advanced Metal ExtractorT2 mex
    18. WhistlerMissile truck
    19. Wind
    20. WhistlerMissile truck
    21. Wind
    22. WhistlerMissile truck
    23. Wind ×3
    24. WhistlerMissile truck
    25. Wind
    26. Advanced Metal ExtractorT2 mex
    27. Wind ×2
    28. Mex ×2
    29. Wind
    30. BlitzBlitz
    31. Wind
    32. BlitzBlitz
    33. Wind
    34. BlitzBlitz
    35. Wind
    36. BlitzBlitz
    37. SentrySentry
    38. Wind
    39. BlitzBlitz
    40. Wind
    41. SentrySentry
    42. BlitzBlitz ×2
    43. SentrySentry
    44. BlitzBlitz ×2
    45. Con turret
    46. BlitzBlitz ×2
    47. Advanced Metal ExtractorT2 mex
    48. BlitzBlitz ×5
    49. Construction VehicleCon vehicle
    50. Dragon's TeethDragon's Teeth
    51. Construction VehicleCon vehicle
    52. BeholderBeholder
    53. Construction VehicleCon vehicle
    54. SentrySentry
    55. Construction VehicleCon vehicle ×2
    56. Advanced Metal ExtractorT2 mex
    57. BlitzBlitz ×4
    58. SentrySentry
    59. BlitzBlitz
    60. SentrySentry
    61. BlitzBlitz
    62. GroundhogGroundhog
    63. SentrySentry
    64. BlitzBlitz
    65. SentrySentry
    66. BlitzBlitz ×3
    67. SentrySentry
    68. Medium MineMedium Mine
    69. Advanced Metal ExtractorT2 mex
    70. Medium MineMedium Mine
    71. BlitzBlitz ×10

Counts are medians over the build's games: half of them build more, half fewer. The example game is DontStreamSnipeMeBro's (35 OS, 17/08/2026); pick another.

Team trades

IN AT LEAST 30% OF ITS GAMES

You hand over

Nothing regular.

You get

  • Tidal Generator4 Tidal from Pondfirst at 0:18 · in 68% of games
  • Advanced Construction Bot1 T2 con bot from Geo or Techfirst at 7:18 · in 67% of games

How it plays out

Typical game of this build, running totals by minute

Metal produced

010k20k30k
0:005:0010:0015:00

metal

Enemy metal destroyed

05k10k
0:005:0010:0015:00

metal

Own metal lost

05k10k
0:005:0010:0015:00

metal

1155 games.

Show as table
ByMetal produced: This buildEnemy metal destroyed: This buildOwn metal lost: This build
1:0033300
2:008482131
3:001625141105
4:002715542333
5:0038631200820
6:00507221121523
7:00631429862450
8:00763638633360
9:00907946824312
10:001067953355062
11:001258858215713
12:001481563776524
13:001741369857236
14:002016876198094
15:002266983748952
WHAT THE NUMBERS SAY

Standard Front play wins more often than suicide front and produces more metal by 15:00, reflecting its safer positioning.

  • + Metal produced reaches 22219 by 15:00, above suicide front's 19882
  • + Own losses of 8949 stay under enemy metal destroyed's near-equal 8347
  • − First unit lost by 1:44 shows exposure even from the safer side
  • − Wider gap to defend demands disciplined coast-then-mid unit movement
THE EXAMPLE YOU ARE READING

DontStreamSnipeMeBro

35.1 OS · 17/08/2026

Open source match ↗

6 received units · includes a constructor
23 metal received · 19495 energy received

Allied construction assistance is unknown. Timings are observations, not a promise of solo reproducibility.

Typical milestones

Bot Lab0:45Middle 50%: 0:35–8:32 · n=730
Vehicle Plant0:48Middle 50%: 0:37–0:58 · n=818
Advanced Metal Extractor8:54Middle 50%: 8:02–10:01 · n=923

Played most by

Hummell98games of this buildhaaven94games of this buildLeohvm83games of this buildXad63games of this buildImmort42games of this build